 Dungeon Crawl Stone Soup version 0.26-a0-1191-ge2a0e31ab3 (webtiles) character file.

Game seed: 18422091151234583170

4025 vvl the Destroyer (level 10, -8/63 HPs)
             Began as a Demonspawn Fire Elementalist on Dec 29, 2020.
             Was a Follower of Vehumet.
             Mangled by a death yak (11 damage)
             ... on level 8 of the Dungeon.
             The game lasted 00:56:45 (12774 turns).

vvl the Destroyer (Demonspawn Fire Elementalist)   Turns: 12774, Time: 00:57:00

Health: -8/63      AC: 13    Str:  9    XL:     10   Next: 4%
Magic:  12/18      EV: 10    Int: 19    God:    Vehumet [*.....]
Gold:   448        SH:  0    Dex: 14    Spells: 4/20 levels left

rFire    + . .     SeeInvis +   D - +0 quarterstaff "Jatinaurr" {venom, +Inv} (curse)
rCold    . . .     Faith    .   (shield currently unavailable)
rNeg     . . .     Spirit   .   t - +0 ring mail
rPois    .         Reflect  .   (helmet unavailable)
rElec    .         Harm     .   f - +0 cloak
rCorr    .         Rampage  .   v - +2 pair of gloves
Will     .....                  (no boots)
Stlth    +.........             n - amulet of magic regeneration
HPRegen  0.20/turn              c - ring of fire
MPRegen  0.41/turn              x - ring of wizardry

@: very slightly contaminated
A: antennae 3, thin metallic scales 2, cold resistance 1, demonic guardian 1
a: Renounce Religion, Evoke Invisibility


You were on level 8 of the Dungeon.
You worshipped Vehumet.
Vehumet was aware of your devotion.
You visited 2 branches of the dungeon, and saw 9 of its levels.

You collected 448 gold pieces.

Inventory:

Hand Weapons
 z - a +3 rapier of protection
 C - a +1 mace of protection
 D - the cursed +0 quarterstaff "Jatinaurr" (weapon) {venom, +Inv}
   (You found it on level 5 of the Dungeon)

   It poisons the flesh of those it strikes.
   It lets you turn invisible.
   It has a curse placed upon it.
 G - a +1 dagger of speed
 H - a +0 fustibalus
Missiles
 o - 4 silver javelins
 K - a throwing net
Armour
 f - a +0 cloak (worn)
 t - a +0 ring mail (worn)
 v - a +2 pair of gloves (worn)
Magical Staves
 p - an uncursed staff of fire
Jewellery
 c - a ring of fire (left hand)
 h - an uncursed amulet of faith
 n - an amulet of magic regeneration (around neck)
 u - an uncursed ring of stealth
 x - a ring of wizardry (right hand)
 J - an uncursed ring of protection from cold {unknown}
Wands
 e - a wand of digging (6)
 k - a wand of iceblast (3)
 s - a wand of flame (17)
 y - a wand of random effects (25)
Scrolls
 a - 4 scrolls of random uselessness
 d - 6 scrolls of remove curse {unknown}
 g - 3 scrolls of enchant armour
 i - 2 scrolls of fog {unknown}
 m - 2 scrolls of teleportation
 r - 3 scrolls of magic mapping
 w - 2 scrolls of blinking {unknown}
 B - 2 scrolls of enchant weapon
 E - a scroll of fear {unknown}
 I - a scroll of vulnerability {unknown}
Potions
 b - 3 potions of heal wounds
 j - 3 potions of lignification {unknown}
 l - a potion of degeneration {unknown}
 q - 3 potions of curing
 A - 2 potions of haste {unknown}
 F - 2 potions of brilliance {unknown}


   Skills:
 + Level 5.4 Armour
 - Level 1.7 Dodging
 - Level 1.7 Stealth
 + Level 5.9 Spellcasting
 * Level 8.9 Conjurations
 + Level 6.2 Fire Magic
 + Level 4.1 Evocations


You had 4 spell levels left.
You knew the following spells:

 Your Spells              Type           Power        Failure   Level
a - Foxfire               Conj/Fire      100%         1%          1
b - Conjure Flame         Conj/Fire      51%          1%          3
c - Inner Flame           Hex/Fire       26%          10%         3
d - Sticky Flame          Conj/Fire      51%          4%          4
e - Fireball              Conj/Fire      25%          14%         5

Your spell library contained the following spells:

 Spells                   Type           Power        Failure   Level
 Sandblast                Erth           10%          12%         1
 Animate Skeleton         Necr           10%          12%         1
 Pain                     Necr           20%          12%         1
 Vampiric Draining        Necr           2%           32%         3
 Animate Dead             Necr           2%           71%         4
 Agony                    Necr           5%           95%         5


Dungeon Overview and Level Annotations

Branches:
Dungeon (8/15)             Temple (1/1) D:6
   Lair: D:8-11

Altars:
Ashenzari
Cheibriados
Dithmenos
Elyvilon
Fedhas
Gozag
Kikubaaqudgha
Makhleb
Nemelex Xobeh
Okawaru
Qazlal
Ru
Sif Muna
Trog
Uskayaw
Vehumet
Wu Jian
Yredelemnul
The Shining One


Innate Abilities, Weirdness & Mutations

You have a pair of large antennae on your head. (SInv)
You are mostly covered in thin metallic scales. (AC +3)
Your flesh is cold resistant. (rC+)
A weak demonic guardian rushes to your aid.


Message History

The death yak gores you!
* * * LOW HITPOINT WARNING * * *
You feel better.
The death yak is engulfed in blazing flames.
The death yak gores you but does no damage.
You hit the death yak but do no damage.
The death yak is almost dead.
The death yak is engulfed in blazing flames.
You kill the death yak!
Vehumet accepts your kill.
Your Evocations skill increases to level 4!
You have reached level 10!
You hit the death yak.
The death yak is poisoned.
The death yak is lightly wounded.
The death yak is engulfed in blazing flames.
The death yak gores you!!
* * * LOW HITPOINT WARNING * * *
The death yak is engulfed in blazing flames.
The death yak gores you!
You die...

#.# #.# #.# ##+## #.#
##...## #.# # ##<....##
###.# #. ##.......##
##.#.##
#.##.........####.....#
...+.........'.Y@...#.#
#..........####.....#
##.........## ##5#.##
##...#.....## ###.#####
#....##[.)## #.......#
#..#####)## #.#.###.#
#..# #.# ####.#.# #.#
#{.# #.# #......# #.#
#{.# ##.## #.##.### #.#


You could see a death yak (very poisoned) and a friendly quasit (summoned).

Vanquished Creatures
  A two-headed ogre (D:8)
  A death yak (D:8)
  Sigmund (D:5)
  Grum (D:8)
  Duvessa (D:5)
  An orc warrior (D:8)
  A black bear (D:7)
  A phantom (D:6)
  2 ogres
  3 wolves (D:8)
  A centaur (D:5)
  4 bullfrogs
  A water moccasin zombie (D:6)
  Dowan (D:5)
  A water moccasin skeleton (D:4)
  3 killer bees (D:7)
  3 howler monkeys
  A crimson imp (D:6)
  A bullfrog zombie (D:5)
  4 hounds
  A jelly (D:7)
  A bullfrog skeleton (D:5)
  A centaur skeleton (D:8)
  4 orc priests
  9 orc wizards
  A hell rat (D:8)
  Ijyb (D:3)
  4 worker ants
  A howler monkey zombie (D:8)
  4 gnolls (D:3)
  7 adders
  A howler monkey skeleton (D:5)
  3 white imps
  3 ufetubi (D:5)
  An adder skeleton (D:4)
  3 worms
  A dart slug (D:1)
  3 leopard geckos
  33 orcs
  A ball python (D:3)
  3 giant cockroaches
  13 goblins
  5 hobgoblins
  6 jackals
  4 quokkas
  11 bats
  7 frilled lizards
  10 kobolds
  A leopard gecko skeleton (D:5)
  8 rats
  A spectral orc (D:2)
185 creatures vanquished.

Vanquished Creatures (collateral kills)
  A bullfrog (D:6)
  A jelly (D:7)
  An orc (D:7)
  25 foxfires
28 creatures vanquished.

Vanquished Creatures (others)
  538 foxfires
  7 plants
  A withered plant (D:6)
546 creatures vanquished.

Grand Total: 759 creatures vanquished

Notes
Turn   | Place    | Note
-------+----------+-------------------------------------------
     0 | D:1      | vvl the Demonspawn Fire Elementalist began the quest for
                  | the Orb.
     0 | D:1      | Reached XP level 1. HP: 13/13 MP: 3/3
   452 | D:1      | Gained mutation: You are partially covered in thin metallic
                  | scales. (AC +2) [demonic ancestry]
   452 | D:1      | Reached XP level 2. HP: 19/19 MP: 0/5
  1551 | D:1      | Reached skill level 2 in Conjurations
  1562 | D:1      | Reached XP level 3. HP: 19/24 MP: 1/6
  2179 | D:2      | Reached skill level 1 in Armour
  2418 | D:2      | Found a basalt altar of Yredelemnul.
  3526 | D:2      | You fall into a shaft and drop 1 floor!
  3526 | D:3      | Noticed Ijyb
  3529 | D:3      | Gained mutation: You have a pair of small antennae on your
                  | head. [demonic ancestry]
  3529 | D:3      | Reached XP level 4. HP: 30/30 MP: 4/7
  3538 | D:3      | Killed Ijyb
  3907 | D:2      | Found a broken altar of Ashenzari.
  4052 | D:2      | Found a glowing golden altar of the Shining One.
  4289 | D:3      | Reached skill level 3 in Conjurations
  4299 | D:3      | Gained mutation: Your flesh is cold resistant. (rC+)
                  | [demonic ancestry]
  4299 | D:3      | Reached XP level 5. HP: 18/35 MP: 1/9
  4740 | D:3      | Gained mutation: You are mostly covered in thin metallic
                  | scales. (AC +3) [demonic ancestry]
  4740 | D:3      | Reached XP level 6. HP: 32/41 MP: 3/10
  4951 | D:3      | Learned a level 3 spell: Conjure Flame
  4955 | D:3      | Learned a level 3 spell: Inner Flame
  4960 | D:3      | Learned a level 4 spell: Sticky Flame
  5252 | D:3      | Reached skill level 4 in Conjurations
  6048 | D:4      | Found a white marble altar of Elyvilon.
  6144 | D:4      | Found a burning altar of Makhleb.
  6966 | D:5      | Entered Level 5 of the Dungeon
  6996 | D:5      | Noticed Sigmund
  7005 | D:5      | Noticed Duvessa
  7011 | D:5      | Killed Sigmund
  7011 | D:5      | Noticed Dowan
  7012 | D:5      | Reached skill level 5 in Conjurations
  7012 | D:5      | Gained mutation: You have a pair of antennae on your head.
                  | [demonic ancestry]
  7012 | D:5      | Reached XP level 7. HP: 46/46 MP: 7/12
  7289 | D:5      | Killed Duvessa
  7293 | D:5      | Killed Dowan
  8119 | D:5      | Reached skill level 6 in Conjurations
  8119 | D:5      | Gained mutation: A weak demonic guardian rushes to your
                  | aid. [demonic ancestry]
  8119 | D:5      | Reached XP level 8. HP: 19/52 MP: 8/14
  8507 | D:5      | Got a transparent quarterstaff
  8512 | D:5      | Identified the cursed +0 quarterstaff "Jatinaurr" {venom,
                  | +Inv} (You found it on level 5 of the Dungeon)
  9401 | D:6      | Reached skill level 1 in Evocations
  9437 | D:6      | Found a staircase to the Ecumenical Temple.
  9461 | Temple   | Entered the Ecumenical Temple
  9501 | Temple   | Became a worshipper of Vehumet
  9754 | D:6      | Reached skill level 5 in Fire Magic
  9893 | D:6      | Found a blossoming altar of Fedhas.
  9893 | D:6      | Found an ancient bone altar of Kikubaaqudgha.
 10694 | D:6      | Learned a level 5 spell: Fireball
 10718 | D:7      | Reached skill level 7 in Conjurations
 11423 | D:7      | Reached skill level 5 in Spellcasting
 11484 | D:7      | Gained mutation: You have a pair of large antennae on your
                  | head. (SInv) [demonic ancestry]
 11484 | D:7      | Reached XP level 9. HP: 57/57 MP: 14/16
 11951 | D:8      | Reached * piety under Vehumet
 11951 | D:8      | Offered knowledge of Sandblast by Vehumet.
 12106 | D:8      | Noticed a death yak
 12125 | D:8      | Noticed Grum
 12139 | D:8      | Noticed a two-headed ogre
 12145 | D:8      | Killed Grum
 12146 | D:8      | Reached skill level 8 in Conjurations
 12168 | D:8      | Killed a two-headed ogre
 12169 | D:8      | Reached skill level 5 in Armour
 12713 | D:8      | Noticed a death yak
 12727 | D:8      | Noticed a death yak
 12773 | D:8      | Killed a death yak
 12774 | D:8      | Reached XP level 10. HP: 24/63 MP: 11/18
 12774 | D:8      | HP: 3/63 [death yak (21)]
 12774 | D:8      | Mangled by a death yak

Illustrated notes

Levels and vault maps discovered:
D:1:      lemuel_arrival_rhombus, layout_loops_cross
D:2:      layout_basic, yredelemnul_forgotten_temple_becter,
          nicolae_ashenzari_panopticon, serial_forest,
          infiniplex_forest_clump_long, infiniplex_forest_end_3,
          infiniplex_forest_lined_3, infiniplex_forest_lined_3,
          infiniplex_forest_end_2, infiniplex_forest_straight_1,
          minmay_misc_feat_roman, tso_altar
D:3:      layout_loops_corners, uniq_ijyb
D:4:      layout_basic, lightli_temple_of_fire, general_overflow_altar
D:5:      layout_basic, kennysheep_big_empty_room, uniq_duvessa, uniq_sigmund
D:6:      layout_basic, grunt_temple_overflow_growth_and_decay,
          minmay_temple_entry_gardened_gates, minmay_fire_ice_demons
D:7:      minmay_recursive_quarters, layout_cave_pools, mrwooster_statue_mirror
D:8:      minmay_chambers_of_fours, layout_loops_corners, lemuel_crystal_altar,
          overflow_temple_1_default, lemuel_coloured_pillars_altar,
          dpeg_lair_monsters, serial_shops, nicolae_shop_crystal, shop,
          nicolae_shop_stone, nicolae_shop_trees, shop, hangedman_glass_teeth,
          uniq_maurice, uniq_grum
Temple:   oiseaux_autumnal_temple

Skill      XL: |  1  2  3  4  5  6  7  8  9 |
---------------+----------------------------+-----
Conjurations   | 2 3 5 6 7 8 |  8.9
Fire Magic     | 3 4 5 6 |  6.2
Armour         | 1 2 3 4 5 |  5.4
Spellcasting   | 3 4 5 |  5.9
Evocations     | 2 4 |  4.1
Dodging        | |  1.7
Stealth        | |  1.7

Action                   |  1- 3 |  4- 6 |  7- 9 | 10-12 || total
-------------------------+-------+-------+-------+-------++-------
Melee: Unarmed           |    18 |       |       |       ||    18
       Dagger            |   103 |     3 |       |       ||   106
       Club              |       |    89 |    34 |       ||   123
       Quarterstaff      |       |       |   130 |     1 ||   131
 Cast: Foxfire           |    88 |   114 |   156 |       ||   358
       Sticky Flame      |       |       |     7 |       ||     7
       Conjure Flame     |       |       |     4 |       ||     4
       Fireball          |       |       |     1 |       ||     1
       Inner Flame       |       |       |     1 |       ||     1
  Use: Scroll            |       |       |     6 |       ||     6
       Potion            |       |       |     1 |       ||     1
 Stab: Sleeping          |     1 |     7 |       |       ||     8
Armor: Robe              |    13 |       |       |       ||    13
       Skin              |    20 |       |       |       ||    20
       Leather armour    |       |    18 |       |       ||    18
       Ring mail         |       |    13 |   121 |       ||   134
Dodge: Dodged            |    97 |    56 |   125 |       ||   278

Table legend: (Time is in decaauts)
 A = Elapsed time spent in this place.
 B = Non-inter-level travel time spent in this place.
 C = Inter-level travel time spent in this place.
 D = Time resting spent in this place.
 E = Time spent auto-exploring this place.
 F = Levels seen in this place.
 G = Mean time per level.
                   A        B        C        D        E       F      G
               +--------+--------+--------+--------+--------+-----+--------+
         Total |  12851 |  12445 |    406 |   2741 |   7968 |   9 | 1427.9 |
       Dungeon |  12609 |  12217 |    392 |   2741 |   7743 |   8 | 1576.1 |
        Temple |    242 |    228 |     14 |      0 |    225 |   1 |  242.0 |
               +--------+--------+--------+--------+--------+-----+--------+

Top non-repeatable levels by time:
     D:1: 2068 daAuts
     D:3: 1879 daAuts
     D:5: 1864 daAuts
     D:2: 1764 daAuts
     D:4: 1509 daAuts
     D:6: 1433 daAuts
     D:7: 1235 daAuts
     D:8: 853 daAuts
  Temple: 242 daAuts
